NYP
CONNECTICUT TIGERS @ IDAHO FALLS CHUKARS
09/01/2045
 
TOP OF THE 1ST
Connecticut Tigers batting - Pitching for Idaho Falls Chukars : RHP Mike Tuck
Pitching: RHP Mike Tuck
Batting: RHB John Welch 0-0: Ball
1-0: Ball
2-0: Foul Ball, location: 2F
2-1: Ball
3-1: Foul Ball, location: 2F
3-2: Strikes out looking
Batting: RHB Eric Blaha 0-0: Called Strike
0-1: Foul Ball, location: 2F
0-2: Ball
1-2: Fly out, F8 (Line Drive, 8RD, EV 105.0 MPH)
Batting: LHB Gabe Mendez 0-0: Called Strike
0-1: Foul Ball, location: 2F
0-2: Ball
1-2: Strikes out swinging
Top of the 1st over - 0 runs, 0 hits, 0 errors, 0 left on base; Connecticut 0 - Idaho Falls 0
BOTTOM OF THE 1ST
Idaho Falls Chukars batting - Pitching for Connecticut Tigers : RHP Scott King
Pitching: RHP Scott King
Batting: LHB John Wagner 0-0: Called Strike
0-1: Ball
1-1: Ball
2-1: Foul Ball, location: 2F
2-2: Strikes out swinging
Batting: RHB Kevin Allen 0-0: Foul Ball, location: 2F
0-1: Ball
1-1: DOUBLE (Line Drive, 7LM, EV 106.2 MPH)
Batting: LHB David Bearden 0-0: Ball
1-0: Ball
2-0: Called Strike
2-1: Foul Ball, location: 2F
2-2: Strikes out swinging
Batting: LHB Joe Cozart 0-0: Ball
1-0: Fly out, F9 (Flyball, 9S, EV 87.5 MPH)
Bottom of the 1st over - 0 runs, 1 hit, 0 errors, 1 left on base; Connecticut 0 - Idaho Falls 0
TOP OF THE 2ND
Connecticut Tigers batting - Pitching for Idaho Falls Chukars : RHP Mike Tuck
Batting: RHB Mike Sebastian 0-0: Ball
1-0: Foul Ball, location: 2F
1-1: Ball
2-1: Ball
3-1: Called Strike
3-2: Strikes out swinging
Batting: RHB Vince Chipman 0-0: Called Strike
0-1: Foul Ball, location: 2F
0-2: Foul Ball, location: 2F
0-2: Strikes out swinging
Pitching: RHP Philip Terrell
Batting: LHB Miguel Bojorquez 0-0: Ball
1-0: Ball
2-0: Ball
3-0: Base on Balls
Batting: RHB Rocky Hart 0-0: Ball
1-0: Called Strike
Miguel Bojorquez steals 2nd base
1-1: Swinging Strike
1-2: Ball
2-2: Strikes out swinging
Top of the 2nd over - 0 runs, 0 hits, 0 errors, 1 left on base; Connecticut 0 - Idaho Falls 0
BOTTOM OF THE 2ND
Idaho Falls Chukars batting - Pitching for Connecticut Tigers : RHP Scott King
Batting: SHB Ryoji Hiraoka 0-0: Ball
1-0: Called Strike
1-1: Ball
2-1: Called Strike
2-2: Strikes out swinging, 2-3 out at first.
Batting: RHB Ben Minge 0-0: Ball
1-0: TRIPLE (Flyball, 8RXD, EV 92.5 MPH)
Batting: RHB Justin Goff 0-0: Ball
1-0: Fly out, F3 (Popup, 3SF, EV 68.1 MPH)
Batting: RHB Adam Krieger 0-0: Called Strike
0-1: Foul Ball, location: 2F
0-2: Strikes out swinging
Bottom of the 2nd over - 0 runs, 1 hit, 0 errors, 1 left on base; Connecticut 0 - Idaho Falls 0
TOP OF THE 3RD
Connecticut Tigers batting - Pitching for Idaho Falls Chukars : RHP Philip Terrell
Batting: RHB Jeremy Guidone 0-0: Swinging Strike
0-1: Ball
1-1: Ball
2-1: Foul Ball, location: 2F
2-2: Ball
3-2: Foul Ball, location: 2F
3-2: SINGLE (Line Drive, 8LS, EV 97.5 MPH)
Batting: SHB Dan Crutchfield 0-0: Ball
Jeremy Guidone steals 2nd, throwing error, E2
Jeremy Guidone to third
1-0: Called Strike
1-1: Called Strike
1-2: Strikes out swinging
Pitching: RHP Bryan Kiefer
Batting: RHB John Welch 0-0: Ball
1-0: Ground out 2-3 (Groundball, 13S, EV 65.0 MPH)
Batting: RHB Eric Blaha 0-0: Ball
1-0: Ball
2-0: Ball
3-0: Base on Balls
Batting: LHB Gabe Mendez 0-0: Ball
1-0: Ball
2-0: Foul Ball, location: 2F
2-1: Ball
3-1: Foul Ball, location: 2F
3-2: Base on Balls
Eric Blaha to second
Batting: RHB Mike Sebastian 0-0: Ball
1-0: Foul Ball, location: 2F
1-1: Ball
2-1: Swinging Strike
2-2: Ball
3-2: Strikes out swinging
Top of the 3rd over - 0 runs, 1 hit, 1 error, 3 left on base; Connecticut 0 - Idaho Falls 0
BOTTOM OF THE 3RD
Idaho Falls Chukars batting - Pitching for Connecticut Tigers : RHP Scott King
Batting: RHB Timotheus Cooper 0-0: Ground out 5-3 (Groundball, 56S, EV 88.8 MPH)
Batting: LHB John Wagner 0-0: Called Strike
0-1: Ball
1-1: SINGLE (Groundball, 6S, EV 75.0 MPH) (infield hit)
Batting: RHB Kevin Allen 0-0: Ball
1-0: Called Strike
John Wagner steals 2nd base
1-1: Ground out 6-3 (Groundball, 6, EV 80.0 MPH)
John Wagner to third
Batting: LHB David Bearden 0-0: Ground out 1-3 (Groundball, 13S, EV 70.0 MPH)
Bottom of the 3rd over - 0 runs, 1 hit, 0 errors, 1 left on base; Connecticut 0 - Idaho Falls 0
TOP OF THE 4TH
Connecticut Tigers batting - Pitching for Idaho Falls Chukars : RHP Bryan Kiefer
Pitching: RHP Howie Seidler
Batting: RHB Vince Chipman 0-0: Called Strike
0-1: Ball
1-1: Ground out 6-3 (Groundball, 6, EV 105.6 MPH)
Batting: LHB Miguel Bojorquez 0-0: SINGLE (Flyball, 3D, EV 85.0 MPH)
Batting: RHB Rocky Hart 0-0: Called Strike
0-1: Ball
Miguel Bojorquez steals 2nd base
1-1: Foul Ball, location: 2F
1-2: Ball
2-2: Fly out, F8 (Flyball, 8LM, EV 89.4 MPH)
Batting: RHB Jeremy Guidone 0-0: Called Strike
0-1: Called Strike
0-2: Foul Ball, location: 2F
0-2: Ball
1-2: Ball
2-2: Foul Ball, location: 2F
2-2: Ground out 5-3 (Groundball, 5, EV 76.9 MPH)
Top of the 4th over - 0 runs, 1 hit, 0 errors, 1 left on base; Connecticut 0 - Idaho Falls 0
BOTTOM OF THE 4TH
Idaho Falls Chukars batting - Pitching for Connecticut Tigers : RHP Scott King
Batting: LHB Joe Cozart 0-0: Ball
1-0: Called Strike
1-1: Ball
2-1: Swinging Strike
2-2: Foul Ball, location: 2F
2-2: Ball
3-2: Foul Ball, location: 2F
3-2: Strikes out swinging
Batting: SHB Ryoji Hiraoka 0-0: Fly out, F7 (Flyball, 7S, EV 96.9 MPH)
Batting: RHB Ben Minge 0-0: Fly out, F7 (Flyball, 78S, EV 83.8 MPH)
Bottom of the 4th over - 0 runs, 0 hits, 0 errors, 0 left on base; Connecticut 0 - Idaho Falls 0
TOP OF THE 5TH
Connecticut Tigers batting - Pitching for Idaho Falls Chukars : RHP Howie Seidler
Batting: SHB Dan Crutchfield 0-0: SINGLE (Groundball, 56D, EV 105.0 MPH)
Batting: RHB John Welch 0-0: Ball
1-0: Fielders Choice at 2nd, 6-4 (Groundball, 6M, EV 105.6 MPH)
Pitching: RHP Matt Slater
Batting: RHB Eric Blaha 0-0: Ball
John Welch is caught stealing 2nd base 2-4
1-0: Ball
2-0: Ball
3-0: Called Strike
3-1: Foul Ball, location: 2F
3-2: Base on Balls
Batting: LHB Gabe Mendez 0-0: Ball
Eric Blaha steals 2nd base
1-0: Ball
2-0: Foul Ball, location: 2F
2-1: Ball
3-1: Called Strike
3-2: SINGLE (Groundball, 34D, EV 95.0 MPH)
Eric Blaha to third
Runner from 3rd tries for Home, SAFE, throw by RF to home
Batting: RHB Mike Sebastian 0-0: Called Strike
0-1: Ball
1-1: Called Strike
1-2: Foul Ball, location: 2F
1-2: DOUBLE (Groundball, 5L, EV 94.4 MPH)
Gabe Mendez to third
Runner from 3rd tries for Home, SAFE, throw by LF to home
Batting: RHB Vince Chipman 0-0: Called Strike
0-1: Swinging Strike
0-2: Ball
1-2: Foul Ball, location: 2F
1-2: Ball
2-2: Strikes out swinging
Top of the 5th over - 2 runs, 3 hits, 0 errors, 1 left on base; Connecticut 2 - Idaho Falls 0
BOTTOM OF THE 5TH
Idaho Falls Chukars batting - Pitching for Connecticut Tigers : RHP Scott King
Batting: RHB Justin Goff 0-0: Foul Ball, location: 2F
0-1: Ground out U3 (Groundball, 3, EV 84.4 MPH)
Batting: RHB Adam Krieger 0-0: Ball
1-0: Foul Ball, location: 2F
1-1: Called Strike
1-2: Ball
2-2: Strikes out looking
Batting: RHB Timotheus Cooper 0-0: Ball
1-0: Ball
2-0: Called Strike
2-1: Called Strike
2-2: Ball
3-2: Strikes out looking
Bottom of the 5th over - 0 runs, 0 hits, 0 errors, 0 left on base; Connecticut 2 - Idaho Falls 0
TOP OF THE 6TH
Connecticut Tigers batting - Pitching for Idaho Falls Chukars : RHP Matt Slater
Pitching: RHP Gary Ackerman
Batting: LHB Miguel Bojorquez 0-0: Ground out 4-3 (Groundball, 4, EV 87.5 MPH)
Batting: RHB Rocky Hart 0-0: Foul Ball, location: 2F
0-1: Ball
1-1: Ball
2-1: Ball
3-1: Base on Balls
Batting: RHB Jeremy Guidone 0-0: Called Strike
Rocky Hart steals 2nd base (no throw)
0-1: Ball
1-1: Ball
2-1: Ground out 5-3 (Groundball, 56, EV 85.0 MPH)
Batting: SHB Dan Crutchfield 0-0: Ball
1-0: Ground out 6-3 (Groundball, 4M, EV 101.2 MPH)
Top of the 6th over - 0 runs, 0 hits, 0 errors, 1 left on base; Connecticut 2 - Idaho Falls 0
BOTTOM OF THE 6TH
Idaho Falls Chukars batting - Pitching for Connecticut Tigers : RHP Scott King
Batting: LHB John Wagner 0-0: Swinging Strike
0-1: Called Strike
0-2: Ball
1-2: Foul Ball, location: 2F
1-2: Foul Ball, location: 2F
1-2: SINGLE (Flyball, 4D, EV 90.6 MPH)
Batting: RHB Kevin Allen 0-0: Ball
John Wagner steals 2nd base (no throw)
1-0: Called Strike
1-1: SINGLE (Line Drive, 7S, EV 96.2 MPH)
John Wagner to third
Batting: LHB David Bearden 0-0: Ball
1-0: Foul Ball, location: 2F
1-1: 3-RUN HOME RUN (Flyball, 9D, EV 96.9 MPH), Distance : 374 ft
Batting: LHB Joe Cozart 0-0: Called Strike
0-1: Foul Ball, location: 2F
0-2: Ball
1-2: Ball
2-2: Ball
3-2: Fly out, F8 (Flyball, 8LS, EV 88.8 MPH)
Pitching: LHP Chris Woodruff
Batting: SHB Ryoji Hiraoka 0-0: Ground out 5-3 (Groundball, 56S, EV 71.9 MPH)
Batting: RHB Ben Minge 0-0: Ball
1-0: Ground out 5-3 (Groundball, 5, EV 88.8 MPH)
Bottom of the 6th over - 3 runs, 3 hits, 0 errors, 0 left on base; Connecticut 2 - Idaho Falls 3
TOP OF THE 7TH
Connecticut Tigers batting - Pitching for Idaho Falls Chukars : RHP Gary Ackerman
Batting: RHB John Welch 0-0: Ball
1-0: Ball
2-0: Ball
3-0: Called Strike
3-1: Called Strike
3-2: Foul Ball, location: 2F
3-2: Foul Ball, location: 2F
3-2: Strikes out swinging
Batting: RHB Eric Blaha 0-0: Ball
1-0: Foul Ball, location: 2F
1-1: Swinging Strike
1-2: Foul Ball, location: 2F
1-2: Strikes out swinging
Batting: LHB Gabe Mendez 0-0: Ball
1-0: Ball
2-0: Ball
3-0: Base on Balls
Batting: RHB Mike Sebastian 0-0: Called Strike
0-1: Ball
1-1: Swinging Strike
1-2: Foul Ball, location: 2F
1-2: Foul Ball, location: 2F
1-2: Foul Ball, location: 2F
1-2: Ball
2-2: Strikes out swinging
Top of the 7th over - 0 runs, 0 hits, 0 errors, 1 left on base; Connecticut 2 - Idaho Falls 3
BOTTOM OF THE 7TH
Idaho Falls Chukars batting - Pitching for Connecticut Tigers : LHP Chris Woodruff
Batting: RHB Justin Goff 0-0: Called Strike
0-1: Ball
1-1: Ball
2-1: Foul Ball, location: 2F
2-2: Foul Ball, location: 2F
2-2: Foul Ball, location: 2F
2-2: Ball
3-2: Strikes out swinging
Batting: RHB Adam Krieger 0-0: Called Strike
0-1: Ball
1-1: Foul Ball, location: 2F
1-2: Strikes out looking
Batting: RHB Timotheus Cooper 0-0: Called Strike
0-1: Called Strike
0-2: Foul Ball, location: 2F
0-2: Strikes out swinging
Bottom of the 7th over - 0 runs, 0 hits, 0 errors, 0 left on base; Connecticut 2 - Idaho Falls 3
TOP OF THE 8TH
Connecticut Tigers batting - Pitching for Idaho Falls Chukars : RHP Gary Ackerman
Batting: RHB Vince Chipman 0-0: Called Strike
0-1: Swinging Strike
0-2: Ball
1-2: Ball
2-2: Strikes out swinging
Batting: LHB Miguel Bojorquez 0-0: Swinging Strike
0-1: Ball
1-1: Called Strike
1-2: Ball
2-2: Foul Ball, location: 2F
2-2: Fly out, F8 (Flyball, 8LM, EV 96.9 MPH)
Batting: RHB Rocky Hart 0-0: Ball
1-0: Foul Ball, location: 2F
1-1: Ball
2-1: Fly out, F8 (Flyball, 8RS, EV 87.5 MPH)
Top of the 8th over - 0 runs, 0 hits, 0 errors, 0 left on base; Connecticut 2 - Idaho Falls 3
BOTTOM OF THE 8TH
Idaho Falls Chukars batting - Pitching for Connecticut Tigers : LHP Chris Woodruff
Pitching: RHP Cameron Maxwell
Batting: LHB John Wagner 0-0: Ground out U3 (Groundball, 3L, EV 88.8 MPH)
Batting: RHB Kevin Allen 0-0: Ball
1-0: Ball
2-0: Ground out 4-3 (Groundball, 4, EV 84.4 MPH)
Batting: LHB David Bearden 0-0: Called Strike
0-1: Ball
1-1: Ball
2-1: Ball
3-1: Base on Balls
Batting: LHB Joe Cozart 0-0: Called Strike
0-1: Ball
1-1: Ball
2-1: Foul Ball, location: 2F
2-2: Ball
3-2: Strikes out swinging
Bottom of the 8th over - 0 runs, 0 hits, 0 errors, 1 left on base; Connecticut 2 - Idaho Falls 3
TOP OF THE 9TH
Connecticut Tigers batting - Pitching for Idaho Falls Chukars : RHP Gary Ackerman
Batting: RHB Jeremy Guidone 0-0: Foul Ball, location: 2F
0-1: Fly out, F8 (Flyball, 8RD, EV 91.2 MPH)
Batting: SHB Dan Crutchfield 0-0: Ball
1-0: Called Strike
1-1: Ball
2-1: Ball
3-1: Base on Balls
Batting: RHB John Welch 0-0: Fly out, F7 (Line Drive, 7, EV 106.9 MPH)
Batting: RHB Eric Blaha 0-0: DOUBLE (Flyball, 9LD, EV 89.4 MPH)
Dan Crutchfield to third
Runner from 3rd tries for Home, SAFE, no throw by RF
Pinch Runner at 2nd Travis Newton:
Batting: LHB Gabe Mendez 0-0: Intentional Walk
Pitching: LHP Josh Dalton
Batting: RHB Mike Sebastian 0-0: Ball
1-0: Called Strike
1-1: Fly out, F8 (Flyball, 8RD, EV 100.0 MPH)
Top of the 9th over - 1 run, 1 hit, 0 errors, 2 left on base; Connecticut 3 - Idaho Falls 3
BOTTOM OF THE 9TH
Idaho Falls Chukars batting - Pitching for Connecticut Tigers : RHP Cameron Maxwell
Pitching: RHP Tony Kepp
Batting: SHB Ryoji Hiraoka 0-0: Foul Ball, location: 2F
0-1: Ball
1-1: Foul Ball, location: 2F
1-2: Fly out, F7 (Flyball, 7D, EV 108.1 MPH)
Batting: RHB Ben Minge 0-0: Called Strike
0-1: Swinging Strike
0-2: Foul Ball, location: 2F
0-2: Foul Ball, location: 2F
0-2: Strikes out swinging, 2-3 out at first.
Batting: RHB Justin Goff 0-0: Ball
1-0: Called Strike
1-1: SINGLE (Groundball, 4MD, EV 103.8 MPH)
Batting: RHB Adam Krieger 0-0: Ball
1-0: Ball
2-0: Ball
3-0: Foul Ball, location: 2F
3-1: Ground out 6-3 (Groundball, 6S, EV 88.1 MPH)
Bottom of the 9th over - 0 runs, 1 hit, 0 errors, 1 left on base; Connecticut 3 - Idaho Falls 3
TOP OF THE 10TH
Connecticut Tigers batting - Pitching for Idaho Falls Chukars : LHP Josh Dalton
Batting: RHB Vince Chipman 0-0: Ball
1-0: Foul Ball, location: 2F
1-1: Reached on error, E6 (Groundball, 6, EV 82.5 MPH)
Batting: LHB Miguel Bojorquez 0-0: Bunted foul
0-1: Bunted foul
0-2: Hit by Pitch
Vince Chipman to second
Batting: RHB Rocky Hart 0-0: Ball
1-0: Bunt missed!
1-1: Sac Bunt to 5S - play at first, batter OUT! 5-4
Vince Chipman to third
Miguel Bojorquez to second
Batting: RHB Jeremy Guidone 0-0: Intentional Walk
Batting: SHB Dan Crutchfield 0-0: Ball
1-0: Ball
2-0: Ball
3-0: DOUBLE (Flyball, 89D, EV 107.5 MPH)
Vince Chipman scores
Miguel Bojorquez scores
Jeremy Guidone to third
Batting: RHB John Welch 0-0: Ground out U3 (Groundball, 34, EV 88.8 MPH)
Jeremy Guidone scores
Dan Crutchfield to third
Batting: RHB Travis Newton 0-0: Ball
Wild Pitch!
Dan Crutchfield scores
1-0: Called Strike
1-1: Ball
2-1: Ball
3-1: Foul Ball, location: 2F
3-2: Base on Balls
Batting: LHB Gabe Mendez 0-0: Called Strike
Travis Newton is caught stealing 2nd base 2-6
Top of the 10th over - 4 runs, 1 hit, 1 error, 0 left on base; Connecticut 7 - Idaho Falls 3
BOTTOM OF THE 10TH
Idaho Falls Chukars batting - Pitching for Connecticut Tigers : RHP Tony Kepp
Batting: RHB Timotheus Cooper 0-0: Swinging Strike
0-1: Ball
1-1: Swinging Strike
1-2: Ball
2-2: SINGLE (Groundball, 34D, EV 94.4 MPH)
Batting: LHB John Wagner 0-0: Called Strike
0-1: Ball
1-1: Reached on error, E9 (Flyball, 9LM, EV 82.5 MPH)
Timotheus Cooper to second
Pitching: RHP Luis Brown
Batting: RHB Kevin Allen 0-0: Ball
1-0: Called Strike
1-1: Swinging Strike
1-2: Strikes out swinging
Batting: LHB David Bearden 0-0: Called Strike
0-1: Ball
1-1: Called Strike
1-2: Fly out, F7 (Line Drive, 7, EV 90.6 MPH)
Batting: LHB Joe Cozart 0-0: Called Strike
0-1: Ball
1-1: Called Strike
1-2: Strikes out looking
Bottom of the 10th over - 0 runs, 1 hit, 1 error, 2 left on base; Connecticut 7 - Idaho Falls 3
Wednesday, June 22nd , 2022 - OOTP Baseball 23.4 Build 64